AoeStats
← Jazzmushroom

Arena

506920147Analyzed
1v1 RM · 16d ago on Sep 15, 2026· 38m 47s· 2 players
Game mode
Random Map
Map size
Tiny (2 player)
Population
200
Speed
Normal
Resources
Standard
Victory
Conquest
Starting age
Dark Age
Ending age
Imperial Age
RankedLock teamsTeams togetherTeam positionsShared explorationLock speedFull tech treeHidden civsTurbo modeCheats
Victory
Defeat
🇬🇧 Tatars · United Kingdom
1382
+18
🇺🇸 Persians · United States
1431
-18
Volcano Bong Nolezy
10:51 Feudal Age
14:22 Castle Age
12:57 Double-Bit Axe
13:22 Horse Collar
15:28 Light Cavalry
19:59 Loom
23:13 Bow Saw
23:21 Heavy Plow
25:26 Gold Mining
30:50 Imperial Age
28:44 Scale Barding Armor
28:55 Stone Mining
29:41 Gold Shaft Mining
30:01 Forging
30:11 Chain Barding Armor
29:55 Husbandry
30:43 Wheelbarrow
31:18 Iron Casting
31:21 Bloodlines
31:41 Hand Cart
32:31 Plate Barding Armor
33:00 Conscription
32:29 Elite Steppe Lancer
34:15 Blast Furnace
33:22 Silk Armor
33:45 Town Watch
35:34 Crop Rotation
35:59 Devotion
36:56 Fletching
38:59 Timurid Siegecraft
39:19 Ballistics
39:05 Siege Engineers
39:10 Masonry
38:41 Treadmill Crane
40:02 Chemistry
Jazzmushroom
10:08 Feudal Age
15:04 Castle Age
13:17 Double-Bit Axe
13:24 Horse Collar
21:03 Town Watch
22:04 Loom
26:04 Wheelbarrow
26:02 Gold Mining
26:04 Stone Mining
27:05 Hand Cart
32:19 Imperial Age
31:23 Forging
31:14 Scale Mail Armor
31:22 Kamandaran
30:56 Pikeman
31:39 Squires
32:54 Iron Casting
32:46 Scale Barding Armor
34:02 Chemistry
33:21 Bloodlines
33:11 Husbandry
32:53 Halberdier
34:09 Bow Saw
33:32 Cavalier
35:10 Heavy Camel Rider
35:17 Savar
36:59 Chain Barding Armor
37:56 Heavy Camel Rider
Connection lost

Rejoining the realm…

Still unreachable

The connection could not be restored.

Session expired

The server has moved on; the page needs a fresh start.